 Dungeon Crawl Stone Soup version 0.28.0 (webtiles) character file.

Game seed: 3316449014888295300

795 issech the Cudgeller (level 7, -15/66 (68) HPs)
             Began as a Troll Monk on Feb 10, 2022.
             Demolished by an ogre (21 damage)
             ... on level 5 of the Dungeon.
             The game lasted 00:16:25 (4282 turns).

issech the Cudgeller (Troll Monk)                   Turns: 4282, Time: 00:16:25

HP:   -15/66 (68)   AC:  4    Str: 22    XL:     7   Next: 58%
MP:   6/6           EV: 11    Int:  6    God:
Gold: 112           SH:  0    Dex: 12    Spells: 6/6 levels left

rFire   . . .      SeeInvis .   a - +0 mace
rCold   . . .      Faith    .   (no shield)
rNeg    + . .      Spirit   .   b - +0 robe
rPois   .          Reflect  .   (helmet restricted)
rElec   .          Harm     .   (no cloak)
rCorr   .          Rampage  .   (gloves unavailable)
Will    .....                   (boots unavailable)
Stlth   ++........              j - amulet of the acrobat
HPRegen 1.01/turn               t - ring of positive energy
MPRegen 0.10/turn               (no ring)

@: lightly drained
A: large, unfitting armour, claws 3, regeneration 1, shaggy fur 1, tough skin 1
a: no special abilities


You were on level 5 of the Dungeon.
You visited 1 branch of the dungeon, and saw 5 of its levels.

You collected 112 gold pieces.

Inventory:

Hand Weapons
 a - a +0 mace (weapon)
 d - the +5 hunting sling of Mutilation {flame, rElec rPois Str+4 Dex-5}
   (You found it on level 3 of the Dungeon)

   Any ammunition fired from it burns those it strikes, dealing additional fire
   damage.
   Str:       It affects your strength (+4).
   Dex:       It affects your dexterity (-5).
   rElec:     It insulates you from electricity.
   rPois:     It protects you from poison.
 g - a +0 flail
 F - a +0 shortbow
Missiles
 c - 198 stones (quivered)
 e - 2 silver javelins
 k - 5 poisoned darts
 m - 32 bolts
 x - 5 boomerangs
 z - 30 sling bullets
 E - 16 arrows
Armour
 b - a +0 robe (worn)
Magical Staves
 y - a staff of air
Jewellery
 j - an amulet of the acrobat (around neck)
 t - a ring of positive energy (left claw)
Wands
 s - a wand of mindburst (8)
 G - a wand of iceblast (5)
Scrolls
 n - a scroll of magic mapping {unknown}
 p - a scroll of noise {unknown}
 q - 3 scrolls of immolation
 r - 3 scrolls of teleportation {unknown}
 u - 2 scrolls of brand weapon {unknown}
 v - a scroll of acquirement {unknown}
 C - 3 scrolls of blinking
 D - a scroll of vulnerability {unknown}
Potions
 f - 3 potions of brilliance
 h - 2 potions of haste {unknown}
 i - 3 potions of mutation {unknown}
 l - a potion of degeneration {unknown}
 o - a potion of resistance {unknown}
 w - a potion of might {unknown}
 A - a potion of magic {unknown}
 B - a potion of attraction {unknown}
 H - a potion of flight {unknown}


   Skills:
 + Level 3.9 Fighting
 + Level 5.4 Maces & Flails
 + Level 0.9(1.2) Slings
 + Level 1.5(1.8) Throwing
 + Level 4.3 Dodging
 + Level 1.4 Stealth


You had 6 spell levels left.
You didn't know any spells.
Your spell library contained the following spells:

 Spells                   Type           Power      Damage    Failure   Level
 Sandblast                Erth           0%         2d4       45%         1
 Passwall                 Tmut/Erth      0%         N/A       58%         2
 Call Canine Familiar     Summ           0%         N/A       83%         3
 Portal Projectile        Hex/Tloc       0%         N/A       83%         3
 Stone Arrow              Conj/Erth      0%         3d7       83%         3
 Leda's Liquefaction      Hex/Erth       0%         N/A       99%         4


Dungeon Overview and Level Annotations

Branches:
Dungeon (5/15)
 Temple: D:4-7

Altars:
Fedhas
Nemelex Xobeh

Shops:
D:2 (


Innate Abilities, Weirdness & Mutations

You are too large for most types of armour.
You have claws for hands.
Your natural rate of healing is unusually fast.
You are covered in fur. (AC +1)
You have tough skin. (AC +1)


Message History

A hound comes into view.
The ogre moves out of view.
There is an open door here.
You closely miss the phantom. The phantom completely misses you.
You miss the phantom.
The hound barks!
The phantom hits you.
You closely miss the phantom. The phantom hits you!
The phantom blinks!
You blink.
Found a robe and 8 gold pieces.
The hound bites you but does no damage. The phantom misses you.
You hit the phantom.
The phantom is lightly damaged.
The hound barely misses you. The ogre misses you. The hound bites you.
The phantom hits you but does no damage.
You hit the phantom.
The phantom is heavily damaged.
The hound bites you but does no damage. The necrophage hits you.
You partially resist.
You feel drained. The phantom barely misses you.
The ogre hits you with a +0 giant club! The hound bites you but does no damage.
You miss the phantom.
The phantom is heavily damaged.
The hound closely misses you.
The necrophage hits you but does no damage.
The phantom hits you but does no damage.
The ogre hits you with a +0 giant club!!
* * * LOW HITPOINT WARNING * * *
You closely miss the phantom.
The phantom is heavily damaged.
The hound bites you.
* * * LOW HITPOINT WARNING * * *
The phantom hits you but does no damage.
The necrophage hits you.
* * * LOW HITPOINT WARNING * * *
You partially resist.
You feel drained. The hound bites you.
* * * LOW HITPOINT WARNING * * *
You closely miss the phantom.
The phantom is heavily damaged.
The hound bites you but does no damage.
The ogre hits you with a +0 giant club!!
You die...

#.#. #....#......###'###.###.
#.#..### #............[....#.###.
#.# ... #....#..###.......#.#...
#.#.###.###..###..##.......#.#.#.
#.#.........##?##.##.......#.#.#.
#.......#....'.#...........#.#.#.
.#######..#.##.##.#........#.#.#.
.# #..####..h####.......#.#.#รท
.# #.##$...$O@W[##......#.#.#. )#
#..####..n####..##......... .#
##..#.##.##.#..############ .#
##....#.#....##......#.... .#
#.#.##?##..###.####'#.### .#
#.#..###...# #.# #....# ....#
#.....#....# #.# #....# ....#
###.#....#.# #.# #....# ....#
#.#.##.#.# #.# #....#


You could see a phantom, an ogre, a necrophage and a hound.

Vanquished Creatures
  Sigmund (D:4)
  A centaur (D:5)
  An ogre (D:4)
  A scorpion (D:4)
  A hound (D:3)
  An orc priest (D:4)
  A centaur skeleton (D:4)
  2 iguanas
  2 orc wizards (D:5)
  Natasha (twice) (D:2)
  2 hound skeletons
  3 adders
  3 gnolls
  A howler monkey skeleton (D:2)
  2 worms
  A dart slug (D:5)
  8 orcs
  3 ball pythons
  5 endoplasms
  3 giant cockroaches
  6 goblins
  5 hobgoblins
  3 jackals
  2 kobolds (D:3)
  4 quokkas
  6 bats
  6 frilled lizards
  4 rats (D:1)
80 creatures vanquished.

Vanquished Creatures (others)
  An orc wizard (D:5)
1 creature vanquished.

Grand Total: 81 creatures vanquished

Notes
Turn   | Place    | Note
-------+----------+-------------------------------------------
     0 | D:1      | issech the Troll Monk began the quest for the Orb.
     0 | D:1      | Reached XP level 1. HP: 22/22 MP: 0/0
   166 | D:1      | Reached XP level 2. HP: 29/29 MP: 1/1
   329 | D:1      | Reached skill level 3 in Maces & Flails
   784 | D:2      | Found a sparkling altar of Nemelex Xobeh.
   895 | D:2      | Found a faded altar of an unknown god.
  1046 | D:2      | Reached XP level 3. HP: 26/36 MP: 2/2
  1072 | D:2      | Found Vonoho Xofep's Weapon Shoppe.
  1123 | D:2      | Noticed Natasha
  1141 | D:2      | Killed Natasha
  1142 | D:2      | Reached XP level 4. HP: 9/44 MP: 3/3
  1539 | D:2      | Noticed Natasha
  1559 | D:2      | Killed Natasha
  1741 | D:2      | Reached skill level 4 in Maces & Flails
  1767 | D:3      | Reached XP level 5. HP: 37/53 MP: 4/4
  2227 | D:3      | Identified the +5 hunting sling of Mutilation {flame, rElec
                  | rPois Str+4 Dex-5}
  2492 | D:4      | Found a blossoming altar of Fedhas.
  2511 | D:4      | Noticed Sigmund
  2560 | D:4      | Reached XP level 6. HP: 61/61 MP: 5/5
  2863 | D:4      | Killed Sigmund
  3016 | D:4      | Reached skill level 5 in Maces & Flails
  3016 | D:4      | Reached skill level 1 in Throwing
  3016 | D:4      | Reached XP level 7. HP: 46/68 MP: 6/6
  3515 | D:5      | Entered Level 5 of the Dungeon
  4282 | D:5      | Demolished by an ogre

Illustrated notes

Levels and vault maps discovered:
D:1:      evilmike_arrival_rings, layout_basic
D:2:      layout_basic, basic_altar, hellmonk_ecumenical_altar_lost_god,
          serial_shops, nicolae_shop_competitors_out_of_business, uniq_natasha
D:3:      layout_rooms, serial_corexii_hall, corexii_hall_statues_u,
          corexii_hall_statues_t, corexii_hall_statues_l,
          chequers_hall_statues_wall_a
D:4:      layout_basic, nicolae_overflow_crystal_walls, uniq_sigmund
D:5:      layout_basic, minmay_fractal_squares_gapless_5

Skill      XL: |  1  2  3  4  5  6 |
---------------+-------------------+-----
Maces & Flails | 3 4 5 |  5.4
Dodging        | 3 4 |  4.3
Fighting       | 3 |  3.9
Throwing       | 1 |  1.5
Slings         | |  0.9
Stealth        | |  1.4

Action                   |  1- 3 |  4- 6 |  7- 9 || total
-------------------------+-------+-------+-------++-------
Melee: Mace              |   112 |   168 |    80 ||   360
       Punch             |       |     1 |       ||     1
 Fire: Hunting sling     |       |     7 |       ||     7
Throw: Stone             |     2 |    28 |       ||    30
  Use: Scroll            |       |     2 |     1 ||     3
 Stab: Sleeping          |     1 |       |       ||     1
Armor: Robe              |    39 |    54 |    38 ||   131
Dodge: Dodged            |    70 |   167 |    46 ||   283
